Map: Lerilak Crest

Players

lesha - Winner!

  • Race: Terran Terran

A.I. 1 (Harder)

  • Race: Zerg Zerg

VOD

Have the link to the VOD?

Description

Time

  • Played on: Dec. 2, 2015, 11:47 a.m.
  • Length: 15:08
Show
View Real Time Build Order
Export as new Build Order

lesha Terran - Winner!

Build Orders: MMM Bio 

Get SALT Encoding   

  12  0:02  SCV  
  13  0:14  SCV  
  14  0:20  Supply Depot  
  14  0:26  SCV  
  15  0:41  SCV  
  16  0:48  Barracks  
  16  0:54  SCV  
  17  1:06  SCV  
  18  1:13  Refinery  
  18  1:18  SCV  
  19  1:35  Command Center, Orbital Command  
  19  1:46  Marine  
  20  2:05  SCV  
  21  2:11  Refinery  
  21  2:17  SCV  
  21  2:37  Barracks  
  21  2:38  SCV, Barracks  
  22  2:50  SCV  
  23  2:59  Barracks Tech Lab  
  23  3:05  Supply Depot  
  23  3:06  Supply Depot  
  23  3:12  Orbital Command  
  23  3:16  SCV  
  24  3:23  Stimpack  
  24  3:25  Marine x2  
  24  3:26  Barracks  
  27  3:28  SCV  
  27  3:31  Barracks Reactor  
  27  3:40  SCV  
  28  3:43  Marine  
  28  3:45  SCV  
  28  3:48  Engineering Bay  
  30  3:49  Engineering Bay  
  30  3:53  SCV  
  31  3:57  SCV  
  32  4:08  Barracks Reactor, Factory  
  32  4:11  Marine x3  
  35  4:32  SCV x2  
  37  4:44  SCV x2  
  39  4:56  SCV x2  
  41  5:01  Marine  
  41  5:02  Supply Depot, Marine x3  
  41  5:03  Supply Depot  
  41  5:04  Supply Depot  
  41  5:05  Marauder  
  47  5:08  SCV x2  
  47  5:12  Starport  
  49  5:19  Marine x4  
  53  5:22  SCV, Starport  
  53  5:23  SCV  
  53  5:26  Marauder  
  57  5:33  Terran Infantry Weapons Level 1, Armory  
  57  5:34  Terran Infantry Armor Level 1  
  57  5:35  SCV  
  58  5:36  SCV  
  59  5:47  SCV  
  59  5:48  SCV, Refinery  
  59  5:49  Refinery  
  61  5:50  Marine x2  
  63  5:57  Barracks Reactor  
  63  5:59  SCV  
  63  6:00  SCV  
  63  6:02  Starport Reactor  
  63  6:03  Medivac  
  67  6:06  Marine x3  
  67  6:08  Marine  
  67  6:10  Marine  
  72  6:24  Marine  
  72  6:25  Marauder  
  75  6:34  Command Center  
  75  6:37  Marine  
  75  6:38  Marine  
  76  6:46  Marauder  
  61  7:00  Marine x3  
  61  7:01  Marine x3  
  59  7:07  Marauder  
  56  7:26  Marine x5  
  56  7:28  Medivac x2  
  56  7:29  Marauder  
  66  7:34  Starport Reactor  
  66  7:42  SCV x2  
  68  7:54  SCV x2  
  70  7:58  Medivac x2  
  70  8:00  Barracks  
  70  8:01  Barracks  
  70  8:03  Barracks x2  
  74  8:06  SCV  
  74  8:08  Supply Depot  
  74  8:11  Supply Depot  
  75  8:12  Supply Depot  
  75  8:15  Supply Depot  
  75  8:23  Terran Infantry Weapons Level 2  
  75  8:24  Terran Infantry Armor Level 2  
  75  8:36  Missile Turret  
  75  8:42  Orbital Command  
  75  8:55  Marine x4  
  78  8:56  Barracks Reactor  
  78  8:57  Barracks Reactor x3, Missile Turret  
  78  8:59  Marine x3  
  82  9:03  Command Center, Medivac x3  
  82  9:04  Medivac  
  90  9:12  Marine  
  91  9:20  Refinery  
  91  9:23  Refinery, Missile Turret  
  91  9:30  Marine  
  91  9:31  Marine x6  
  98  9:38  Combat Shields  
  98  9:45  Marine x3  
  99  9:47  Marine x5  
  99  9:48  Marine x2  
  99  9:49  Medivac  
  99  9:50  Marauder  
  112  10:09  SCV x2  
  112  10:10  SCV  
  112  10:11  Marauder  
  117  10:21  Supply Depot, SCV x2  
  117  10:22  SCV, Supply Depot x2  
  117  10:23  Supply Depot  
  117  10:24  Supply Depot  
  117  10:25  Supply Depot  
  117  10:27  Marine  
  117  10:28  Marine x6  
  123  10:30  Marine x5  
  123  10:32  Medivac x4  
  140  10:42  SCV, Marauder  
  143  10:44  Terran Infantry Weapons Level 3  
  140  10:55  Marine x6  
  140  10:56  Marine x6  
  140  10:57  Concussive Shells, Marine x2  
  146  11:04  Marauder  
  150  11:12  Marine  
  150  11:13  Marine x6  
  150  11:14  Marine x6  
  150  11:15  Marine  
  150  11:16  SCV x2  
  150  11:17  SCV  
  168  11:19  Orbital Command  
  168  11:25  Marauder  
  169  11:30  Marine x2  
  169  11:31  Medivac x4, Marine x6  
  169  11:32  Marine x3  
  188  11:44  Terran Infantry Armor Level 3  
  188  11:58  Supply Depot  
  188  11:59  Supply Depot  
  188  12:00  Supply Depot  
  188  12:19  Marine  
  188  12:20  Marauder  
  186  12:32  Marine  
  186  12:33  Marine x6  
  186  12:34  Marine x2  
  194  12:37  Marine x5  
  199  12:50  Marine  
  194  13:38  Marine x2  
  194  13:39  Marine x4  
  197  14:21  Marine x3  
Show
View Real Time Build Order
Export as new Build Order

A.I. 1 (Harder) Zerg 

Build Orders: Pool First 

Get SALT Encoding   

  12  0:00  Drone  
  13  0:12  Overlord  
  13  0:16  Drone  
  14  0:30  Drone x2  
  16  0:42  Spawning Pool  
  16  0:44  Drone  
  16  0:48  Drone  
  17  0:51  Extractor  
  17  0:55  Drone  
  17  1:05  Overlord  
  17  1:29  Queen  
  17  1:31  Zergling x2  
  20  1:36  Roach Warren  
  20  1:38  Drone  
  20  1:41  Zergling x2, Extractor  
  20  1:49  Drone  
  21  1:59  Drone  
  22  2:10  Overlord  
  22  2:21  Drone  
  23  2:32  Roach  
  23  2:36  Drone  
  26  2:40  Overlord  
  26  2:42  Roach  
  28  2:53  Roach  
  30  3:04  Roach  
  32  3:06  Overlord  
  32  3:13  Drone  
  32  3:14  Roach  
  32  3:17  Drone  
  36  3:22  Drone  
  36  3:25  Ravager x3  
  40  3:28  Ravager  
  40  3:33  Roach  
  43  3:43  Overlord, Roach  
  45  3:52  Drone  
  45  3:54  Roach  
  48  4:01  Drone  
  49  4:04  Baneling Nest  
  48  4:11  Evolution Chamber, Drone, Roach  
  48  4:13  Drone  
  48  4:16  Drone  
  52  4:22  Roach  
  54  4:33  Roach  
  56  4:42  Overlord  
  56  5:38  Zergling x2  
  56  6:16  Lair, Overlord, Roach, Zerg Melee Weapons Level 1  
  58  6:19  Spore Crawler  
  58  6:20  Spore Crawler  
  58  6:21  Drone  
  58  6:23  Roach  
  59  6:26  Hatchery  
  59  6:27  Drone  
  59  6:31  Roach  
  61  6:38  Overlord  
  60  6:47  Zergling x2  
  49  6:55  Roach  
  49  7:02  Roach  
  49  7:03  Spine Crawler  
  50  7:09  Spine Crawler  
  50  7:10  Drone  
  50  7:13  Burrow  
  50  7:18  Hydralisk Den  
  50  7:19  Drone  
  50  7:20  Overseer  
  50  7:21  Roach  
  43  7:28  Roach  
  41  7:35  Roach  
  43  7:38  Drone  
  43  7:40  Overseer  
  43  7:42  Drone, Roach  
  47  7:45  Drone, Extractor  
  47  7:48  Drone  
  47  7:50  Extractor  
  47  7:54  Drone, Hydralisk  
  47  7:55  Drone  
  47  7:56  Drone  
  52  7:59  Drone  
  53  8:07  Drone  
  53  8:10  Zerg Missile Weapons Level 1, Drone  
  55  8:17  Hydralisk  
  57  8:20  Drone  
  57  8:24  Hydralisk  
  57  8:25  Drone  
  57  8:26  Drone  
  62  8:30  Drone  
  62  8:31  Drone  
  64  8:40  Drone  
  65  8:42  Drone  
  65  8:47  Muscular Augments  
  66  8:51  Drone  
  66  8:52  Spore Crawler, Hydralisk  
  68  8:57  Spore Crawler, Drone  
  68  8:58  Drone  
  68  9:00  Roach  
  71  9:03  Drone x2  
  73  9:11  Queen  
  73  9:13  Hydralisk  
  73  9:14  Drone  
  78  9:18  Queen  
  80  9:24  Overlord, Hydralisk  
  80  9:28  Spine Crawler  
  80  9:29  Drone  
  82  9:34  Spine Crawler  
  82  9:35  Drone  
  82  9:42  Infestation Pit  
  82  9:43  Drone  
  82  9:50  Spire  
  82  9:51  Drone  
  82  9:57  Evolution Chamber  
  82  9:58  Drone  
  82  10:05  Zerg Ground Armor Level 1  
  82  10:22  Infestor  
  82  10:23  Hive  
  82  10:28  Overlord, Infestor  
  86  10:30  Hydralisk  
  86  10:31  Pneumatized Carapace  
  86  10:34  Hatchery  
  86  10:35  Roach  
  85  10:36  Infestor  
  85  10:42  Infestor  
  89  10:48  Zergling x2  
  85  10:54  Roach  
  59  11:00  Roach  
  61  11:06  Roach  
  63  11:11  Hydralisk  
  63  11:18  Roach  
  67  11:20  Overseer  
  67  11:23  Roach  
  69  11:29  Roach  
  71  11:34  Viper, Infestor  
  76  11:40  Infestor  
  76  11:46  Infestor  
  76  11:47  Drone x3  
  81  11:48  Drone  
  81  11:49  Drone  
  81  11:52  Drone, Infestor  
  88  11:55  Drone  
  88  11:56  Extractor  
  88  11:57  Drone  
  88  11:59  Drone  
  90  12:02  Drone  
  90  12:03  Infestor  
  90  12:04  Drone  
  90  12:06  Drone  
  90  12:08  Drone, Hydralisk  
  96  12:10  Drone  
  96  12:11  Drone  
  96  12:13  Overlord, Drone  
  101  12:18  Drone  
  101  12:19  Drone  
  101  12:21  Drone  
  104  12:23  Zergling x2  
  104  12:26  Viper  
  104  12:29  Roach  
  93  12:35  Roach  
  89  12:41  Roach  
  91  12:46  Roach  
  91  12:47  Extractor  
  91  12:48  Zergling x2  
  91  12:49  Mutalisk, Zergling x8  
  91  12:51  Overlord  
  97  12:55  Roach x2  
  80  13:01  Roach  
  80  13:03  Drone x2  
  75  13:10  Zergling x2  
  55  13:13  Zergling x2  
  55  13:17  Drone  
  50  13:21  Drone  
  50  13:25  Drone  
  48  13:28  Zergling x2  
  48  13:32  Zergling x2  
  49  13:35  Zergling x2  
  49  13:39  Zergling x2  
  45  13:42  Zergling x2  
  45  13:45  Zergling x2  
  47  13:48  Drone  
  47  13:50  Roach  
  47  13:53  Zergling x2  
  29  14:08  Hatchery  
  21  14:19  Hatchery  
  21  14:23  Drone  
  21  14:28  Drone  
  22  14:33  Drone  
Tags
 
Composition
MMM Bio
Matchup
TvZ
Opening
Pool First
Add a new tag
Caveats
  • Supply blocks, unpowered buildings, or Contaminate may cause inaccurate times.
  • Supply counts are checked every 10 seconds.